 Dungeon Crawl Stone Soup version 0.30-a0-374-g95c0257040 (webtiles) character file.

Game seed: 2395522676704842993

4639 karrick the Basher (level 10, -2/64 HPs)
             Began as a Gargoyle Fighter on Nov 26, 2022.
             Was a High Priest of Okawaru.
             Slain by an orc warrior
             ... wielding a +0 battleaxe
              (7 damage)
             ... on level 10 of the Dungeon.
             The game lasted 00:13:50 (9203 turns).

karrick the Basher (Gargoyle Fighter)               Turns: 9203, Time: 00:13:50

Health: -2/64      AC: 17    Str: 19    XL:     10   Next: 43%
Magic:  3/3        EV: 13    Int: 10    God:    Okawaru [*****.]
Gold:   800        SH:  6    Dex: 18    Spells: 9/9 levels left

rFire   . . .      SeeInvis .    X - +2 flail (antimagic)
rCold   . . .      Faith    .    c - +0 buckler
rNeg    + + .      Spirit   .    b - +0 scale mail
rPois   ∞          Reflect  .    B - +1 hat
rElec   +          Harm     .    p - scarf {repulsion}
rCorr   +          Rampage  .    G - +0 pair of gloves
Will    .....                    (no boots)
Stlth   +.........               (no amulet)
HPRegen 0.30/turn                J - ring of Estownen {rPois rN+ rCorr Dex+5}
MPRegen 0.08/turn                E - +4 ring of evasion

@: repel missiles
A: sickness immunity, AC +7, negative energy resistance 1, electricity
resistance, torment resistance 1, petrification resistance
a: Renounce Religion, Heroism, Finesse, Duel


You were on level 10 of the Dungeon.
You worshipped Okawaru.
Okawaru was extremely pleased with you.
You visited 2 branches of the dungeon, and saw 11 of its levels.
You also visited: Ossuary.

You collected 800 gold pieces.

Inventory:

Hand Weapons
 a - a +0 flail
 C - a +1 whip of chaos
 H - a +5 long sword
 U - a +2 mace
 V - a +4 war axe
 W - a +4 hand axe
 X - a +2 antimagic flail (weapon)
Missiles
 I - 9 boomerangs (quivered)
 Y - a throwing net
Armour
 b - a +0 scale mail (worn)
 c - a +0 buckler (worn)
 p - a scarf of repulsion (worn)
 B - a +1 hat (worn)
 G - a +0 pair of gloves (worn)
Jewellery
 h - a ring of protection from cold
 s - a ring of positive energy
 w - a ring of magical power
 A - a ring of magical power
 E - a +4 ring of evasion (right hand)
 J - the ring of Estownen (left hand) {rPois rN+ rCorr Dex+5}
   (You found it on level 6 of the Dungeon)

   [ring of positive energy]

   Dex:       It affects your dexterity (+5).
   rPois:     It protects you from poison.
   rN:        It protects you from negative energy.
   rCorr:     It protects you from acid and corrosion.
Wands
 u - a wand of roots (15)
 Q - a wand of flame (14)
Scrolls
 f - 12 scrolls of identify {unknown}
 i - 3 scrolls of fear {unknown}
 j - 4 scrolls of teleportation {unknown}
 k - 2 scrolls of noise {unknown}
 l - 2 scrolls of brand weapon {unknown}
 m - a scroll of silence {unknown}
 q - a scroll of enchant weapon {unknown}
 x - a scroll of poison {unknown}
 y - 2 scrolls of amnesia {unknown}
 D - 2 scrolls of summoning
 F - a scroll of blinking
 L - a scroll of fog {unknown}
 S - 2 scrolls of immolation {unknown}
 T - a scroll of vulnerability {unknown}
Potions
 d - 3 potions of might
 e - a potion of mutation {unknown}
 g - 7 potions of curing
 n - 5 potions of haste {unknown}
 o - 2 potions of flight {unknown}
 r - a potion of invisibility {unknown}
 t - 2 potions of cancellation {unknown}
 v - a potion of magic {unknown}
 z - 2 potions of berserk rage {unknown}
 K - 3 potions of ambrosia {unknown}
 M - a potion of attraction {unknown}
 N - 2 potions of degeneration {unknown}
 O - 2 potions of heal wounds {unknown}
 P - a potion of resistance {unknown}
 R - a potion of lignification {unknown}


   Skills:
 + Level 7.8 Fighting
 + Level 10.2 Maces & Flails
 + Level 8.2 Armour
 + Level 1.3 Stealth
 + Level 7.3 Shields


You had 9 spell levels left.
You didn't know any spells.
Your spell library contained the following spells:

 Spells                   Type           Power      Damage    Failure   Level
 Gell's Gravitas          Tloc           0%         N/A       98%         3
 Lesser Beckoning         Tloc           0%         N/A       98%         3
 Teleport Other           Tloc           0%         N/A       98%         3
 Olgreb's Toxic Radiance  Pois           0%         N/A       100%        4
 Ozocubu's Refrigeration  Ice            0%         4d7       100%        7
 Ignition                 Fire           0%         3d3       100%        8


Dungeon Overview and Level Annotations

Branches:
Dungeon (10/15)            Temple (1/1) D:4         Ossuary (visited)
   Lair: D:8-11         Orc: D:9-12

Altars:
Cheibriados
Fedhas
Gozag
Kikubaaqudgha
Nemelex Xobeh
Okawaru
Qazlal
Ru
Sif Muna
Trog
Uskayaw
Vehumet
Wu Jian
Xom
Yredelemnul
Zin
The Shining One


Innate Abilities, Weirdness & Mutations

You are immune to sickness and miasma.
Your stone body is resilient. (AC +7)
You are immune to poison.
You resist negative energy. (rN+)
You are resistant to electric shocks. (rElec)
You are resistant to unholy torment.
You are immune to petrification.


Message History

The orc warrior hits you with a +0 battleaxe!
You are too injured to fight recklessly!
You are too injured to fight recklessly!
You are too injured to fight recklessly!
You are too injured to fight recklessly!
You are too injured to fight recklessly!
You are too injured to fight recklessly!
You are too injured to fight recklessly!
You are too injured to fight recklessly!
You are too injured to fight recklessly!
You are too injured to fight recklessly!
You are too injured to fight recklessly!
You are too injured to fight recklessly!
You are too injured to fight recklessly!
You are too injured to fight recklessly!
You are too injured to fight recklessly!
You are too injured to fight recklessly!
You are too injured to fight recklessly!
You are too injured to fight recklessly!
You are too injured to fight recklessly!
You are too injured to fight recklessly!
You closely miss the orc warrior.
The orc warrior is almost dead.
The orc warrior closely misses you.
You hit the orc warrior but do no damage.
The orc warrior is almost dead.
The orc warrior hits you with a +0 battleaxe!
* * * LOW HITPOINT WARNING * * *
You hit the orc warrior but do no damage.
The orc warrior is almost dead.
The orc warrior hits you with a +0 battleaxe.
* * * LOW HITPOINT WARNING * * *
You hit the orc warrior.
The orc warrior is almost dead.
The orc warrior hits you with a +0 battleaxe.
* * * LOW HITPOINT WARNING * * *
You closely miss the orc warrior.
The orc warrior is almost dead.
The orc warrior hits you with a +0 battleaxe!
You die...

######## #......# .
#......# ...####
#......###
.......###.).......
#.@oo.<....###
#####......#
##.##### #.# #+#


You could see an orc warrior and an orc.

Vanquished Creatures
  A hornet (D:8)
  A shadow (D:9)
  A steam dragon (D:8)
  4 water moccasins
  6 orc warriors
  4 ice beasts
  A sky beast (D:7)
  An ogre (D:4)
  2 centaurs
  4 kobold brigands
  2 phantoms (D:5)
  5 bullfrogs
  2 necrophages (D:6)
  2 scorpions (D:5)
  6 wights
  7 killer bees
  A howler monkey (D:5)
  2 hounds
  2 jellies (D:5)
  A gnoll bouda (D:9)
  2 orc priests
  Jessica (D:3)
  8 orc wizards
  3 iguanas
  8 mummies (Ossuary)
  3 adders
  8 gnolls
  2 white imps
  An ufetubus (D:4)
  2 worms (D:2)
  A dart slug (D:1)
  26 orcs
  7 endoplasms
  4 giant cockroaches
  6 goblins
  8 hobgoblins
  4 jackals (D:1)
  16 kobolds
  A quokka (D:1)
  A ball python (D:3)
  5 bats
  4 frilled lizards
  A gnoll zombie (Ossuary)
  2 kobold zombies (Ossuary)
  5 orc zombies (Ossuary)
  3 rats (D:1)
187 creatures vanquished.

Vanquished Creatures (others)
  An orc wizard (D:9)
  A fungus (D:9)
  2 plants (D:5)
4 creatures vanquished.

Grand Total: 191 creatures vanquished

Notes
Turn   | Place    | Note
-------+----------+-------------------------------------------
     0 | D:1      | karrick the Gargoyle Fighter began the quest for the Orb.
     0 | D:1      | Reached XP level 1. HP: 14/14 MP: 1/1
   216 | D:1      | Reached XP level 2. HP: 19/19 MP: 2/2
   355 | D:1      | Reached XP level 3. HP: 23/23 MP: 3/3
  1569 | D:3      | Noticed Jessica
  1571 | D:3      | Killed Jessica
  1572 | D:3      | Reached XP level 4. HP: 29/29 MP: 4/4
  1719 | D:3      | Reached skill level 3 in Maces & Flails
  1788 | D:3      | Found an ancient bone altar of Kikubaaqudgha.
  2506 | D:4      | Noticed a water moccasin
  2515 | D:4      | Killed a water moccasin
  2516 | D:4      | Reached skill level 4 in Maces & Flails
  2516 | D:4      | Reached XP level 5. HP: 29/33 MP: 5/5
  2563 | D:4      | Reached XP level 6. HP: 33/38 MP: 6/6
  2593 | D:4      | Found a staircase to the Ecumenical Temple.
  2613 | Temple   | Entered the Ecumenical Temple
  2784 | Temple   | Became a worshipper of Warmaster Okawaru
  2955 | D:4      | Found a large runed translucent door.
  2956 | D:4      | Found a large runed translucent door.
  2960 | D:4      | Found a shimmering altar of Xom.
  3661 | D:5      | Entered Level 5 of the Dungeon
  3671 | D:5      | Reached XP level 7. HP: 44/44 MP: 7/7
  3680 | D:5      | Reached * piety under Okawaru
  3681 | D:5      | Reached skill level 5 in Armour
  3717 | D:5      | Reached skill level 5 in Maces & Flails
  3979 | D:5      | Reached skill level 5 in Fighting
  4526 | D:5      | Found a glowing silver altar of Zin.
  4529 | D:5      | Found a hide-covered altar of Uskayaw.
  4619 | D:6      | Reached XP level 8. HP: 45/49 MP: 8/8
  4625 | D:6      | Reached skill level 5 in Shields
  4632 | D:6      | Reached ** piety under Okawaru
  4633 | D:6      | Reached skill level 6 in Maces & Flails
  4633 | D:6      | Reached skill level 1 in Stealth
  4659 | D:6      | Identified the ring of Estownen {rPois rN+ rCorr Dex+5}
  4745 | D:6      | Found a sand-covered staircase.
  4755 | Ossuary  | Entered an ossuary
  4947 | Ossuary  | Reached skill level 7 in Maces & Flails
  5554 | D:7      | Reached XP level 9. HP: 55/55 MP: 9/9
  5643 | D:7      | Reached *** piety under Okawaru
  5693 | D:7      | Noticed a hornet
  5726 | D:8      | Killed a hornet
  5727 | D:8      | Reached skill level 8 in Maces & Flails
  7011 | D:8      | Reached **** piety under Okawaru
  7171 | D:9      | Reached skill level 9 in Maces & Flails
  7409 | D:9      | Reached XP level 10. HP: 47/63 MP: 10/10
  7409 | D:9      | Noticed a manticore
  7655 | D:8      | Found a bloodstained altar of Trog.
  8750 | D:9      | Reached skill level 10 in Maces & Flails
  8862 | D:9      | Reached ***** piety under Okawaru
  9039 | D:10     | Entered Level 10 of the Dungeon
  9203 | D:10     | Slain by an orc warrior

Illustrated notes

Levels and vault maps discovered:
D:1:      lightli_iron_boxes, layout_basic
D:2:      layout_basic
D:3:      layout_basic, nicolae_kikubaaqudgha_miasma_corner, serial_curves,
          eino_curves_02, eino_curves_04, uniq_jessica
D:4:      due_chaos_kobolds, layout_loops_cross,
          minmay_temple_entry_antechambers
D:5:      layout_loops_ring, minitemple, serial_bayou_pond_a
D:6:      layout_rooms, nicolae_ossuary_entry_monument
D:7:      layout_gridville
D:8:      layout_basic, trog_antimagical, hex_large
D:9:      layout_long_grid, mainiacjoe_overflow_tiny_flanked
D:10:     layout_roguey, ashenzari_conservatory_becter,
          grunt_temple_overflow_cloverleaf, minmay_lair_entry_grove,
          kennysheep_generic_room_4
Temple:   nicolae_temple_slightly_damp_pantheon

Skill      XL: |  1  2  3  4  5  6  7  8  9 10 |
---------------+-------------------------------+-----
Shields        | 4 5 6 7 |  7.3
Maces & Flails | 4 5 7 9 10 | 10.2
Armour         | 4 5 6 7 8 |  8.2
Fighting       | 4 5 7 |  7.8
Stealth        | 1 |  1.3

Action                   |  1- 3 |  4- 6 |  7- 9 | 10-12 || total
-------------------------+-------+-------+-------+-------++-------
Melee: Flail             |   128 |   136 |   450 |   176 ||   890
       Mace              |       |       |    78 |    27 ||   105
  Use: Potion            |       |       |     4 |       ||     4
       Scroll            |       |       |     1 |     2 ||     3
Armor: Scale mail        |    78 |    75 |   216 |    81 ||   450
Dodge: Dodged            |    69 |    77 |   281 |   115 ||   542
Block: Buckler           |    32 |    39 |   129 |    67 ||   267

Table legend: (Time is in decaauts)
 A = Elapsed time spent in this place.
 B = Non-inter-level travel time spent in this place.
 C = Inter-level travel time spent in this place.
 D = Time resting spent in this place.
 E = Time spent auto-exploring this place.
 F = Levels seen in this place.
 G = Mean time per level.
                   A        B        C        D        E       F      G
               +--------+--------+--------+--------+--------+-----+--------+
         Total |   9305 |   9027 |    278 |    522 |   6389 |  12 |  775.4 |
       Dungeon |   8763 |   8503 |    260 |    522 |   6036 |  10 |  876.3 |
        Temple |    190 |    172 |     18 |      0 |    153 |   1 |  190.0 |
       Ossuary |    350 |    350 |      0 |      0 |    200 |   1 |  350.0 |
               +--------+--------+--------+--------+--------+-----+--------+

Top non-repeatable levels by time:
     D:8: 1343 daAuts
     D:7: 1120 daAuts
     D:2: 1038 daAuts
     D:4: 992 daAuts
     D:3: 963 daAuts
     D:5: 949 daAuts
     D:9: 873 daAuts
     D:6: 773 daAuts
     D:1: 547 daAuts
 Ossuary: 350 daAuts
  Temple: 190 daAuts
    D:10: 161 daAuts
